 Dungeon Crawl Stone Soup version 0.29.0-11-gd7f09526c8 (webtiles) character file.

Game seed: 17649557894297573642

222 concernfroge the Trooper (level 5, -8/46 HPs)
             Began as a Mummy Monk on Sept 4, 2022.
             Was a Believer of Cheibriados.
             Mangled by an ogre
             ... wielding a +0 giant club
              (14 damage)
             ... on level 4 of the Dungeon.
             The game lasted 00:11:12 (3386 turns).

concernfroge the Trooper (Mummy Monk)               Turns: 3386, Time: 00:11:14

Health: -8/46      AC:  5    Str: 21    XL:     5   Next: 66%
Magic:  6/6        EV:  4    Int: 15    God:    Cheibriados [**....]
Gold:   156        SH: 12    Dex: 19    Spells: 4/4 levels left

rFire   x . .      SeeInvis .   m - +0 morningstar
rCold   + . .      Faith    .   b - +0 tower shield
rNeg    + + +      Spirit   .   c - +0 ring mail
rPois   ∞          Reflect  .   (no helmet)
rElec   .          Harm     .   (no cloak)
rCorr   .          Rampage  .   (no gloves)
Will    .....                   (no boots)
Stlth   +.........              d - amulet of regeneration
HPRegen 0.95/turn               (no ring)
MPRegen 0.10/turn               (no ring)

@: constricted, very slow
A: cold resistance 1, negative energy resistance 3, torment resistance 2, heat
vulnerability 1, in touch with death 1, no potions
a: Renounce Religion, Bend Time


You were on level 4 of the Dungeon.
You worshipped Cheibriados.
Cheibriados was pleased with you.
You visited 1 branch of the dungeon, and saw 4 of its levels.

You collected 156 gold pieces.

Inventory:

Hand Weapons
 a - a +0 spear
 m - a +0 morningstar (weapon)
Missiles
 g - 13 poisoned darts (quivered)
 h - a throwing net
Armour
 b - a +0 tower shield (worn)
 c - a +0 ring mail (worn)
Jewellery
 d - an amulet of regeneration (around neck)
Scrolls
 e - 2 scrolls of teleportation
 i - 2 scrolls of enchant armour {unknown}
 l - a scroll of vulnerability {unknown}
 n - a scroll of summoning {unknown}


   Skills:
 + Level 6.0 Fighting
 - Level 2.4 Polearms
 - Level 2.4 Dodging
 - Level 1.5 Stealth
 + Level 1.8 Invocations


You had 4 spell levels left.
You didn't know any spells.
Your spell library contained the following spells:

 Spells                   Type           Power      Damage    Failure   Level
 Slow                     Hex            0%         N/A       100%        1
 Scorch                   Fire           0%         2d5       100%        2
 Confusing Touch          Hex            0%         N/A       100%        3
 Vampiric Draining        Necr           0%         2d6       100%        3
 Flame Wave               Conj/Fire      0%         2d4       100%        4
 Summon Cactus Giant      Summ           0%         N/A       100%        6


Dungeon Overview and Level Annotations

Branches:
Dungeon (4/15)
 Temple: D:4-7

Altars:
Cheibriados
Hepliaklqana

Portals:
Sewer: D:4


Innate Abilities, Weirdness & Mutations

You are immune to poison.
Your flesh is cold resistant. (rC+)
You are immune to negative energy. (rN+++)
You are immune to unholy pain and torment.
You are vulnerable to heat. (rF-)
You are in touch with the powers of death.
You do not drink.


Message History

Cheibriados thoroughly appreciates the change of pace.
The ball python bites you. The ball python constricts you.
You block the ogre's attack. The ball python bites you.
The ball python constricts you.
The ball python's grasp on you weakens, but your attempt to escape fails.
You block the ball python's attack. The ball python constricts you.
You block the ogre's attack.
The ball python's grasp on you weakens, but your attempt to escape fails.
You block the ball python's attack. The ball python constricts you.
You escape the ball python's grasp.
The ball python attacks as you move away!
The ball python closely misses you. You block the ball python's attack.
The ball python bites you but does no damage.
The ball python grabs you. The ball python constricts you.
You block the worm's attack.
The ogre hits you with a +0 giant club!!
* * * LOW HITPOINT WARNING * * *
The ball python bites you but does no damage.
The ball python constricts you.
* * * LOW HITPOINT WARNING * * *
The worm bites you.
* * * LOW HITPOINT WARNING * * *
As you read the scroll labelled XURAIS QUFO, it crumbles to dust.
You hear a loud clanging noise!
It was a scroll of noise.
You hear an angry hiss.
You hear a shout!
You block the ball python's attack. The ball python constricts you.
The ogre barely misses you.
As you read the scroll labelled ESIAGIORES, it crumbles to dust.
The creatures around you are filled with an inner flame!
It was a scroll of immolation.
You block the ball python's attack. The ball python constricts you.
The worm bites you.
* * * LOW HITPOINT WARNING * * *
As you read the scroll labelled XOMODU WYTASEH, it crumbles to dust.
You feel aware of your surroundings.
You sensed 2 altars.
It was a scroll of magic mapping.
You block the ball python's attack. The ball python constricts you.
* * * LOW HITPOINT WARNING * * *
The ogre hits you with a +0 giant club!
You die...

,,,,,,,,,** **,* #.....##.##
,,,,,,,,,* ####..### #.........#
,,,,,,,,,* ##.......###..[..##..#
,,,,,,,,,*##..#~..#..##......#..#
******,,,*#...~~~~~...#....#.#..#
*,,,*#.#~~~~~~~#.#....#....#
*,,,##.~~~~~~~~..#....##...# ***
*,,,#...~~~∩~~~...######...# *,*
*,,,#..~~~~@~~~....,,,*##..# *,*
*,,,#..#~~wSO~~#....,,* #).# *,*
*,..#...)~~~~~.......,* #..#
*,***,,......#...#........# #..#
**,*,,,.##.#...............# #...
,,,,,,,...................#* #.#.
,,,,,,,#.######...........# #.#.
,,,,,***,* #...........# #.#.
,,,,,,,,,* ##..........####.##


You could see an ogre (inner flame), a worm (inner flame) and a ball python
(inner flame).

Vanquished Creatures
  An orc priest (D:4)
  An iguana (D:4)
  3 gnolls
  4 adders
  2 worms (D:2)
  2 dart slugs
  6 orcs
  8 bats
  8 endoplasms
  A giant cockroach (D:4)
  8 goblins
  8 hobgoblins
  7 jackals
  A quokka (D:1)
  7 ball pythons
  2 frilled lizards (D:2)
  8 kobolds
  6 rats
83 creatures vanquished.

Notes
Turn   | Place    | Note
-------+----------+-------------------------------------------
     0 | D:1      | concernfroge the Mummy Monk began the quest for the Orb.
     0 | D:1      | Reached XP level 1. HP: 18/18 MP: 1/1
   542 | D:1      | Reached XP level 2. HP: 24/24 MP: 2/2
   672 | D:1      | You fall into a shaft and drop 1 floor!
  1091 | D:1      | Found a faded altar of an unknown god.
  1329 | D:1      | Reached skill level 4 in Fighting
  1329 | D:1      | Gained mutation: You are in touch with the powers of death.
                  | [Mummy growth]
  1329 | D:1      | Reached XP level 3. HP: 22/30 MP: 3/3
  1509 | D:2      | Found a hazy altar of Hepliaklqana.
  1595 | D:2      | Reached XP level 4. HP: 38/38 MP: 4/4
  1648 | D:2      | Reached skill level 5 in Fighting
  2585 | D:3      | Found a snail-covered altar of Cheibriados.
  2602 | D:3      | Became a worshipper of Cheibriados the Contemplative
  2602 | D:3      | Reached * piety under Cheibriados
  2602 | D:3      | Reached ** piety under Cheibriados
  3081 | D:4      | Reached skill level 1 in Invocations
  3081 | D:4      | Reached XP level 5. HP: 46/46 MP: 5/5
  3308 | D:4      | Reached skill level 6 in Fighting
  3374 | D:4      | Found a glowing drain.
  3374 | D:4      | Noticed an ogre
  3386 | D:4      | Mangled by an ogre

Illustrated notes

Levels and vault maps discovered:
D:1:      amcnicky_arrival_underground_garden, layout_basic,
          dilly_ecumenical_altar_fadedgnrine, chequers_serial_rivers_small_3,
          minmay_stone_trees_small, corexii_item_surrounded_by_moat
D:2:      wad_river_or_something, layout_basic, basic_altar
D:3:      layout_basic, lemuel_crystal_altar, minivault_27, lemuel_flame_loot_1
D:4:      minmay_wonky_spiral, layout_basic,
          grunt_temple_overflow_order_and_chaos_2, cheibrodos_sewer_entry_drain,
          minmay_misc_feat_tower, minmay_fountain_box, uniq_grinder

Skill      XL: |  1  2  3  4  5 |
---------------+----------------+-----
Fighting       | 4 5 6 |  6.0
Invocations    | 1 |  1.8
Polearms       | |  2.4
Dodging        | |  2.4
Stealth        | |  1.5

Action                   |  1- 3 |  4- 6 || total
-------------------------+-------+-------++-------
Melee: Spear             |   143 |   198 ||   341
       Morningstar       |       |    36 ||    36
Throw: Dart              |     3 |     1 ||     4
       Throwing net      |     2 |       ||     2
  Use: Scroll            |     1 |     4 ||     5
 Stab: Sleeping          |     1 |     3 ||     4
       Held in net/web   |     4 |       ||     4
Armor: Ring mail         |    20 |    88 ||   108
       Robe              |     2 |       ||     2
Dodge: Dodged            |    40 |    45 ||    85
Block: Tower shield      |       |   160 ||   160
